Workbook

Sheet Hoja1
B4: NOMBRE DEL ENTE FISCALIZABLE MUNICIPIO DE XALTOCAN TLAXCALA.
B5: CP-T-001
B6: VOLUMEN TRIMESTRAL DE LA CUENTA PÚBLICA EJERCICIO FISCAL: PRIMER TRIMESTRE
B8: INFORMACIÓN DOCUMENTAL Y ELECTRONICA
B9: TRIMESTRE/MES | C9: RECOPILADORES | D9: NOMBRE DEL TITULO DEL RECOPILADOR | E9: NO. DE FOLIOS | H9: ANEXO ELECTRONICO
E10: DE | F10: A | H10: CANTIDAD | I10: TAMAÑO KB, GB, MD, TB | J10: DESCRIPCIÓN GENERAL DE ARCHIVOS ELECTRONICOS
B12: TRIMESTRE: | C12: PRIMER ENERO - MARZO
B13: MES | C13: 1/3 | D13: INFORMACIÓN CONTABLE | E13: 1 | F13: 65 | H13: 1 | I13: 21480 KB
B14: ENERO | C14: 1/3 | D14: INFORMACIÓN PRESUPUESTARIA | E14: 1 | F14: 20 | I14: 5833 KB
C15: 1/3 | D15: INFORMACIÓN PROGRAMÁTICA | E15: 1 | F15: 6 | I15: 1791 KB
C16: 1/3 | D16: INFORMACIÓN FINANCIERA | E16: 1 | F16: 26 | I16: 8307 KB
C17: 1/3 | D17: INFORMACIÓN COMPLEMENTARIA | E17: 1 | F17: 504 | I17: 153097 KB
C18: 2/3 | D18: INFORMACIÓN COMPLEMENTARIA | E18: 505 | F18: 1035 | I18: 203232 KB
C19: 3/3 | D19: INFORMACIÓN COMPLEMENTARIA | E19: 1036 | F19: 1538 | I19: 175666 KB
B20: SUBTOTAL | C20: =SUM(C13:C19) -> 0 | F20: =+F13+F14+F15+F16+F19 -> 1655 | H20: 1
B21: MES | C21: 1/3 | D21: INFORMACIÓN CONTABLE | E21: 1 | F21: 64 | H21: 1 | I21: 21310 KB
B22: FEBRERO | C22: 1/3 | D22: INFORMACIÓN PRESUPUESTARIA | E22: 1 | F22: 20 | I22: 5801 KB
C23: 1/3 | D23: INFORMACIÓN PROGRAMÁTICA | E23: 1 | F23: 6 | I23: 1781 KB
C24: 1/3 | D24: INFORMACIÓN FINANCIERA | E24: 1 | F24: 26 | I24: 8194 KB
C25: 1/3 | D25: INFORMACIÓN COMPLEMENTARIA | E25: 1 | F25: 413 | I25: 120304 KB
C26: 2/3 | D26: INFORMACIÓN COMPLEMENTARIA | E26: 414 | F26: 964 | I26: 181755 KB
C27: 3/3 | D27: INFORMACIÓN COMPLEMENTARIA | E27: 965 | F27: 1478 | I27: 178502 KB
B28: SUBTOTAL | C28: =SUM(C21:C27) -> 0 | F28: =+F21+F22+F23+F24+F27 -> 1594 | H28: 1
B29: MES | C29: 1/3 | D29: INFORMACIÓN CONTABLE | E29: 1 | F29: 65 | H29: 1 | I29: 21452 KB
B30: MARZO | C30: 1/3 | D30: INFORMACIÓN PRESUPUESTARIA | E30: 1 | F30: 20 | I30: 5828 KB
C31: 1/3 | D31: INFORMACIÓN PROGRAMÁTICA | E31: 1 | F31: 6 | I31: 1792 KB
C32: 1/3 | D32: INFORMACIÓN FINANCIERA | E32: 1 | F32: 26 | I32: 8263 KB
C33: 1/3 | D33: INFORMACIÓN COMPLEMENTARIA | E33: 1 | F33: 428 | I33: 127073 KB
C34: 2/3 | D34: INFORMACIÓN COMPLEMENTARIA | E34: 429 | F34: 941 | I34: 165149 KB
C35: 3/3 | D35: INFORMACIÓN COMPLEMENTARIA | E35: 942 | F35: 1506 | I35: 194240 KB
B36: SUBTOTAL | C36: =SUM(C29:C35) -> 0 | F36: =+F29+F30+F31+F32+F35 -> 1623 | H36: 1
B38: INFORMACIÓN ADICIONAL
B39: TRIMESTRE/MES | C39: RECOPILADORES | D39: NOMBRE DEL TITULO DEL RECOPILADOR | E39: NO. DE FOLIOS | H39: ANEXO ELECTRONICO
E40: DE | F40: A | H40: CANTIDAD | I40: TAMAÑO KB, GB, MD, TB | J40: DESCRIPCIÓN GENERAL DE ARCHIVOS ELECTRONICOS
B41: PRIMER TRIMESTRE | C41: 2 | D41: I. PRONÓSTICO DE INGRESOS | E41: 1 | F41: 23 | H41: 2 | I41: 15780 KB
D42: II. CALENDARIZACIÓN MINISTRACIÓN DE RECURSOS | I42: 11376 KB
D43: III. PBR | E43: 24 | F43: 224 | I43: 76336 KB
D44: IV. ORGANIGRAMA GENERAL | E44: 225 | F44: 242 | I44: 14580 KB
D45: V. PLANTILLA DEL PERSONAL Y TABULADOR | E45: 243 | F45: 282 | I45: 12147 KB
D46: VI. MANUAL DE ORGANIZACIÓN | E46: 283 | F46: 341 | I46: 25446 KB
D47: VII. PROGRAMA OPERATIVO ANUAL | E47: 342 | F47: 373 | I47: 18158 KB
D48: VIII. PADRÓN DE PROVEEDORES BIENES Y SERVICIOS | E48: 374 | F48: 381 | I48: 3540 KB
D49: IX. CATALOGO DE PRECIOS UNITARIOS | E49: 382 | F49: 404 | I49: 21582 KB
D50: X. PADRÓN DE BENEFICIARIOS DE PROGRAMAS SOCIALES | E50: 405 | F50: 410 | I50: 2649 KB
D51: XI. PROGRAMA O PRIORIZACIÓN DE OBRAS Y ACCIONES | E51: 411 | F51: 423 | I51: 8293 KB
D52: XII. ACTAS DE CONSTITUCIÓN DE COMITÉ DE OBRAS | E52: 424 | F52: 440 | I52: 10710 KB
D53: XIII. ACTAS DE SESIÓN DE LOS COMITES Y DE ADQUISIONES Y SERVICIOS | E53: 441 | F53: 457 | I53: 10760 KB
B54: SUBTOTAL | F54: =+F53 -> 457 | H54: =SUM(H41) -> 2
B56: PLAN DE DESARROLLO MUNICIPAL
B57: TRIMESTRE/MES | C57: RECOPILADORES | D57: NOMBRE DEL TITULO DEL RECOPILADOR | E57: NO. DE FOLIOS | H57: ANEXO ELECTRONICO
E58: DE | F58: A | H58: CANTIDAD | I58: TAMAÑO KB, GB, MD, TB | J58: DESCRIPCIÓN GENERAL DE ARCHIVOS ELECTRONICOS
B59: PRIMER TRIMESTRE | C59: 1 | D59: PLAN DE DESARROLLO MUNICIPAL | E59: 1 | F59: 29 | H59: 1 | I59: 1206 KB
B60: SUBTOTAL | C60: =C59 -> 1 | F60: =F59 -> 29
B62: REALIZÓ | E62: AUTORIZÓ | I62: RECIBIO
B65: CP. GABINO JIMENEZ SANTIAGO | E65: MÉD. JOSE LUIS HERNÁNDEZ VAZQUEZ | I65: NOMBRE Y FIRMA OFS

Sheet 3er Trimestre
B4: NOMBRE DEL ENTE FISCALIZABLE MUNICIPIO DE XALTOCAN TLAXCALA.
B5: CP-T-001
B6: VOLUMEN TRIMESTRAL DE LA CUENTA PÚBLICA EJERCICIO FISCAL: | H6: PRIMER TRIMESTRE | K6: 2026
B8: INFORMACIÓN DOCUMENTAL Y ELECTRONICA
B9: TRIMESTRE/MES | C9: RECOPILADORES | D9: NOMBRE DEL TITULO DEL RECOPILADOR | E9: NO. DE FOLIOS | H9: ANEXO ELECTRONICO
E10: DE | F10: A | H10: CANTIDAD | I10: TAMAÑO KB, GB, MD, TB | K10: DESCRIPCIÓN GENERAL DE ARCHIVOS ELECTRONICOS
B12: TRIMESTRE: | C12: =+H6 -> PRIMER TRIMESTRE
B13: MES | C13: 1/3 | D13: INFORMACIÓN CONTABLE | E13: 1 | F13: =+'CP-T-005 9 2026'!E24 -> 51 | H13: 43 | I13: =+'CP-T-005 7 2026'!F25 -> 14241 | J13: KB
B14: ENERO | C14: 1/3 | D14: INFORMACIÓN PRESUPUESTARIA | E14: 1 | F14: =+'CP-T-005 9 2026'!E36 -> 24 | I14: =+'CP-T-005 7 2026'!F37 -> 6238 | J14: KB
C15: 1/3 | D15: INFORMACIÓN PROGRAMÁTICA | E15: 1 | F15: =+'CP-T-005 9 2026'!E41 -> 6 | I15: =+'CP-T-005 7 2026'!F42 -> 1639 | J15: KB
C16: 1/3 | D16: INFORMACIÓN FINANCIERA LDF | E16: 1 | F16: =+'CP-T-005 9 2026'!E58 -> 26 | I16: =+'CP-T-005 7 2026'!F59 -> 7490 | J16: KB
C17: 1/3 | D17: INFORMACIÓN COMPLEMENTARIA | E17: 1 | F17: 376 | I17: =+'CP-T-005 7 2026'!F83 -> 354378 | J17: KB
C18: 2/3 | D18: INFORMACIÓN COMPLEMENTARIA | E18: =+F17+1 -> 377 | F18: 868
C19: 3/3 | D19: INFORMACIÓN COMPLEMENTARIA | E19: =+F18+1 -> 869 | F19: 1232
B20: SUBTOTAL | C20: 3 | F20: =+F13+F14+F15+F16+F19 -> 1339 | I20: =SUM(I13:I19) -> 383986 | J20: KB
B21: MES | C21: 1/3 | D21: INFORMACIÓN CONTABLE | E21: 1 | F21: =+'CP-T-005 8 2026'!E24 -> 49 | H21: 43 | I21: =+'CP-T-005 8 2026'!F25 -> 14411 | J21: KB
B22: FEBRERO | C22: 1/3 | D22: INFORMACIÓN PRESUPUESTARIA | E22: 1 | F22: 24 | I22: =+'CP-T-005 8 2026'!F37 -> 6350 | J22: KB
C23: 1/3 | D23: INFORMACIÓN PROGRAMÁTICA | E23: 1 | F23: =+'CP-T-005 8 2026'!E41 -> 6 | I23: =+'CP-T-005 8 2026'!F42 -> 1697 | J23: KB
C24: 1/3 | D24: INFORMACIÓN FINANCIERA | E24: 1 | F24: =+'CP-T-005 8 2026'!E58 -> 26 | I24: =+'CP-T-005 8 2026'!F59 -> 7509 | J24: KB
C25: 1/3 | D25: INFORMACIÓN COMPLEMENTARIA | E25: 1 | F25: 434 | I25: =+'CP-T-005 8 2026'!F83 -> 404565 | J25: KB
C26: 2/3 | D26: INFORMACIÓN COMPLEMENTARIA | E26: =+F25+1 -> 435 | F26: 1019
C27: 3/3 | D27: INFORMACIÓN COMPLEMENTARIA | E27: =+F26+1 -> 1020 | F27: 1419
B28: SUBTOTAL | C28: 3 | F28: =+F21+F22+F23+F24+F27 -> 1524 | I28: =SUM(I21:I27) -> 434532 | J28: KB
B29: MES | C29: 1/3 | D29: INFORMACIÓN CONTABLE | E29: 1 | F29: =+'CP-T-005 7 2026'!E24 -> 49 | H29: 43 | I29: =+'CP-T-005 9 2026'!F25 -> 14663 | J29: KB
B30: MARZO | C30: 1/3 | D30: INFORMACIÓN PRESUPUESTARIA | E30: 1 | F30: =+'CP-T-005 7 2026'!E36 -> 24 | I30: =+'CP-T-005 9 2026'!F37 -> 6252 | J30: KB
C31: 1/3 | D31: INFORMACIÓN PROGRAMÁTICA | E31: 1 | F31: 7 | I31: =+'CP-T-005 9 2026'!F42 -> 1656 | J31: KB
C32: 1/3 | D32: INFORMACIÓN FINANCIERA | E32: 1 | F32: =+'CP-T-005 7 2026'!E58 -> 26 | I32: =+'CP-T-005 9 2026'!F59 -> 7592 | J32: KB
C33: 1/3 | D33: INFORMACIÓN COMPLEMENTARIA | E33: 1 | F33: 453 | I33: =+'CP-T-005 9 2026'!F83 -> 345717 | J33: KB
C34: 2/3 | D34: INFORMACIÓN COMPLEMENTARIA | E34: =+F33+1 -> 454 | F34: 1060
C35: 3/3 | D35: INFORMACIÓN COMPLEMENTARIA | E35: =+F34+1 -> 1061 | F35: 1472
B36: SUBTOTAL | C36: 3 | F36: =+F29+F30+F31+F32+F35 -> 1578 | I36: =+'CP-T-005 7 2026'!F83 -> 354378 | J36: KB
B38: INFORMACIÓN ADICIONAL
B39: TRIMESTRE/MES | C39: RECOPILADORES | D39: NOMBRE DEL TITULO DEL RECOPILADOR | E39: NO. DE FOLIOS | H39: ANEXO ELECTRONICO
E40: DE | F40: A | H40: CANTIDAD | I40: TAMAÑO KB, GB, MD, TB | K40: DESCRIPCIÓN GENERAL DE ARCHIVOS ELECTRONICOS
B41: =+C12 -> PRIMER TRIMESTRE | C41: 1 | D41: I. PRONÓSTICO DE INGRESOS | E41: 1 | F41: 19 | H41: 15 | I41: 13011 | J41: KB
D42: I Bis. PRESUSPUESTO ANUAL DE EGRESOS
D43: II. CALENDARIZACIÓN MINISTRACIÓN DE RECURSOS | J43: KB
D44: III. PBR | E44: =+F41+1 -> 20 | F44: 232 | I44: 94296 | J44: KB
D45: IV. ORGANIGRAMA GENERAL | E45: =+F44+1 -> 233 | F45: 247 | I45: 9397 | J45: KB
D46: V. PLANTILLA DEL PERSONAL Y TABULADOR | E46: =+F45+1 -> 248 | F46: 279 | I46: 21579 | J46: KB
D47: VI. MANUAL DE ORGANIZACIÓN | E47: =+F46+1 -> 280 | F47: 330 | I47: 25954 | J47: KB
D48: VII. PROGRAMA OPERATIVO ANUAL | E48: =+F47+1 -> 331 | F48: 372 | I48: 26136 | J48: KB
D49: VIII. PADRÓN DE PROVEEDORES BIENES Y SERVICIOS | E49: =+F48+1 -> 373 | F49: 380 | I49: 3559 | J49: KB
D50: IX. CATALOGO DE PRECIOS UNITARIOS | E50: =+F49+1 -> 381 | F50: 425 | I50: 24968 | J50: KB
D51: X. PADRÓN DE BENEFICIARIOS DE PROGRAMAS SOCIALES | E51: =+F50+1 -> 426 | F51: 431 | I51: 2725 | J51: KB
D52: XI. PROGRAMA O PRIORIZACIÓN DE OBRAS Y ACCIONES | E52: =+F51+1 -> 432 | F52: 442 | I52: 6898 | J52: KB
D53: XII. ACTAS DE CONSTITUCIÓN DE COMITÉ DE OBRAS | E53: =+F52+1 -> 443 | F53: 549 | I53: 10430 | J53: KB
D54: XIII. ACTAS DE SESIÓN DE LOS COMITES Y DE ADQUISIONES Y SERVICIOS | E54: =+F53+1 -> 550 | F54: 480 | I54: 13646 | J54: KB
B55: SUBTOTAL | F55: =+F54 -> 480 | H55: =SUM(H41) -> 15
B57: PLAN DE DESARROLLO MUNICIPAL
B58: TRIMESTRE/MES | C58: RECOPILADORES | D58: NOMBRE DEL TITULO DEL RECOPILADOR | E58: NO. DE FOLIOS | H58: ANEXO ELECTRONICO
E59: DE | F59: A | H59: CANTIDAD | I59: TAMAÑO KB, GB, MD, TB | K59: DESCRIPCIÓN GENERAL DE ARCHIVOS ELECTRONICOS
B60: =+B41 -> PRIMER TRIMESTRE | C60: 1 | D60: PLAN DE DESARROLLO MUNICIPAL | E60: 1 | F60: 36 | H60: 1 | I60: 13553 | J60: KB
B61: SUBTOTAL | C61: =C60 -> 1 | F61: =F60 -> 36
B63: TRIMESTRE/MES | C63: RECOPILADORES | D63: NOMBRE DEL TITULO DEL RECOPILADOR | E63: NO. DE FOLIOS | H63: ANEXO ELECTRONICO
H64: CANTIDAD | I64: TAMAÑO KB, GB, MD, TB | K64: DESCRIPCIÓN GENERAL DE ARCHIVOS ELECTRONICOS
B65: =+C12 -> PRIMER TRIMESTRE | D65: RESPALDOS DEL SISTEMA ENERO | H65: 1 | I65: 11024 | J65: KB | K65: DÍGITAL
B66: =+B65 -> PRIMER TRIMESTRE | D66: RESPALDOS DEL SISTEMA FEBRERO | H66: 1 | I66: 11418 | J66: KB | K66: DÍGITAL
B67: =+B66 -> PRIMER TRIMESTRE | D67: RESPALDOS DEL SISTEMA MARZO | H67: 1 | I67: 11589 | J67: KB | K67: DÍGITAL
B68: SUBTOTAL | C68: =C67 -> 0 | F68: =F67 -> 0
B70: REALIZÓ | E70: AUTORIZÓ | I70: RECIBIO
B73: CP. GABINO JIMENEZ SANTIAGO | E73: MÉD. JOSE LUIS HERNÁNDEZ VAZQUEZ | I73: NOMBRE Y FIRMA OFS

Sheet CP-T-005 7 2026
A1: CP-T-005
B2: INTEGRACIÓN DOCUMENTAL DE LAS CUENTAS PÚBLICAS
B3: I. Información contable, presupuestaria, programática, financiera, complementaria y adicional Julio
A5: Número de Recopilador | B5: Título del Recopilador | C5: Subtítulo del Recopilador | D5: Documental | F5: Electrónico
C6: / Contenido | D6: Folio inicial | E6: Folio Final | F6: Tamaño del Archivo
A7: 1 de “n” | B7: A). Información General | C7: I. Información contable, que genera el Sistema de Contabilidad Gubernamental:
A8: 0.33333333 | C8: a) Estado de actividades; | D8: 1 | E8: 2 | F8: 530 | G8: KB
C9: b) Estado de situación financiera; | D9: =+E8+1 -> 3 | E9: 4 | F9: 540 | G9: KB
C10: c) Estado de variación en la hacienda pública; | D10: 5 | E10: 6 | F10: 509 | G10: KB
C11: d) Estado de cambios en la situación financiera; | D11: 7 | E11: 8 | F11: 567 | G11: KB
C12: e) Estado de flujos de efectivo; | D12: 9 | E12: 11 | F12: 808 | G12: KB
C13: f) Informes sobre pasivos contingentes; | D13: 12 | E13: 12 | F13: 200 | G13: KB
C14: g) Notas a los estados financieros; | D14: 13 | E14: 44 | F14: =+F15+F16+F17 -> 9907 | G14: KB
C15: Notas de Gestión Administrativa | F15: 6086
C16: Notas a los estados Financieros | F16: 3215
C17: Notas de Memoria | F17: 606
C18: h) Estado analítico del activo; | D18: 45 | E18: 46 | F18: 471 | G18: KB
C19: i) Estado analítico de la deuda, del cual se derivarán las siguientes clasificaciones: | D19: 47 | E19: 47 | F19: =+F20 -> 268 | G19: KB
C20: 1). Corto y largo plazo; | F20: 268
C21: 2). Fuentes de | F21: 268
C22: financiamiento;
C23: j) Endeudamiento neto, financiamiento menos amortización, e | D23: 48 | E23: 48 | F23: 220 | G23: KB
C24: k) Intereses de la deuda. | D24: 49 | E24: 49 | F24: 221 | G24: KB
F25: =SUM(F8:F14)+SUM(F18:F19)+SUM(F23:F24) -> 14241 | G25: KB
A26: (…numeración continua de recopiladores) | B26: A). Información General | C26: II. Información presupuestaria, que genera el Sistema de Contabilidad Gubernamental:
A27: 0.33333333 | C27: a) Estado analítico de ingresos, del que se derivará la presentación en clasificación económica por fuente de financiamiento y concepto, incluyendo los ingresos excedentes generados; | D27: 1 | E27: 3 | F27: 767 | G27: KB
C28: b) Estado analítico del ejercicio del presupuesto de egresos del que se derivarán las clasificaciones siguientes: | F28: =SUM(F29:F32) -> 2827 | G28: KB
C29: 1. Administrativa; | D29: 4 | E29: 7 | F29: 1086
C30: 2. Económica; | D30: 8 | E30: 8 | F30: 249
C31: 3. Por objeto del gasto, y | D31: 9 | E31: 11 | F31: 935
C32: 4. Funcional. | D32: 12 | E32: 13 | F32: 557
C33: El estado analítico del ejercicio del presupuesto de egresos deberá identificar los montos y adecuaciones presupuestarias y subejercicios por ramo y programa;
C34: c) Endeudamiento neto, financiamiento menos amortización, del que derivará la clasificación por su origen en interno y externo; | D34: 14 | E34: 14 | F34: 221 | G34: KB
C35: d) Intereses de la deuda, e | D35: 15 | E35: 15 | F35: 221 | G35: KB
C36: e) Un flujo de fondos que resuma todas las operaciones; | D36: 16 | E36: 24 | F36: 2202 | G36: KB
F37: =SUM(F27:F28)+SUM(F34:F36) -> 6238 | G37: KB
A38: (…numeración continua de recopiladores) | B38: A). Información General | C38: III. Información programática, que genera el Sistema de Contabilidad Gubernamental:
A39: 0.33333333 | C39: a) Gasto por categoría programática; | D39: 1 | E39: 2 | F39: 550 | G39: KB
C40: b) Programas y proyectos de inversión, e | D40: 3 | E40: 3 | F40: 204 | G40: KB
C41: c) Indicadores de resultados. | D41: 4 | E41: 6 | F41: 885 | G41: KB
F42: =SUM(F39:F41) -> 1639 | G42: KB
A43: (…numeración continua de recopiladores) | B43: A). Información General | C43: IV. Información financiera de conformidad con los formatos establecidos en la Ley de Disciplina Financiera de las Entidades Federativas y los Municipios, que genera el Sistema de Contabilidad Gubernamental
A44: 0.33333333 | C44: F-1 Estado de Situación Financiera Detallado - LDF | D44: 1 | E44: 4 | F44: 1110 | G44: KB
C45: F-2 Informe Analítico de la Deuda Pública y Otros Pasivos - LDF | D45: 5 | E45: 5 | F45: 246 | G45: KB
C46: F-3 Informe Analítico de Obligaciones Diferentes de Financiamientos - LDF | D46: 6 | E46: 6 | F46: 206 | G46: KB
C47: F-4 Balance Presupuestario - LDF | D47: 7 | E47: 8 | F47: 591 | G47: KB
C48: F-5 Estado Analítico de Ingresos Detallado – LDF | D48: 9 | E48: 10 | F48: 627 | G48: KB
C49: F-6 a) Estado Analítico del Ejercicio del Presupuesto de Egresos Detallado - LDF (Clasificación por Objeto del Gasto) | D49: 11 | E49: 14 | F49: 1364 | G49: KB
C50: F-6 b) Estado Analítico del Ejercicio del Presupuesto de Egresos Detallado - LDF (Clasificación Administrativa) | D50: 15 | E50: 17 | F50: 854 | G50: KB
C51: F-6 c) Estado Analítico del Ejercicio del Presupuesto de Egresos Detallado - LDF (Clasificación Funcional) | D51: 18 | E51: 19 | F51: 629 | G51: KB
C52: F-6 d) Estado Analítico del Ejercicio del Presupuesto de Egresos Detallado - LDF (Clasificación de Servicios Personales por Categoría) | D52: 20 | E52: 20 | F52: 259 | G52: KB
C53: F-7 Proyecciones y Resultados de Ingresos y Egresos - LDF | F53: =SUM(F54:F57) -> 1123 | G53: KB
C54: F-7 a) Proyecciones de Ingresos - LDF | D54: 21 | E54: 21 | F54: 296
C55: F-7 b) Proyecciones de Egresos - LDF | D55: 22 | E55: 22 | F55: 269
C56: F-7 c) Resultados de Ingresos - LDF | D56: 23 | E56: 23 | F56: 290
C57: F-7 d) Resultados de Egresos - LDF | D57: 24 | E57: 24 | F57: 268
C58: F-8) Informe sobre Estudios Actuariales – LDF | D58: 25 | E58: 26 | F58: 481 | G58: KB
F59: =SUM(F44:F53)+SUM(F58) -> 7490 | G59: KB
A60: (…numeración continua de recopiladores) | B60: A). Información General | C60: V. Información complementaria que genera el Sistema de Contabilidad Gubernamental, otro sistema, plataforma, o archivo de control:
A61: 1/3 A 3/3 | C61: a) Balanza de comprobación; | D61: 1 | E61: 9 | F61: 3220 | G61: KB | J61: relaciones analiticas de deudores y acreedores
C62: (Documental y en archivo Excel, sin contraseña) | J62: presupuesto inicial
C63: b) Auxiliares contables; | D63: 10 | E63: 702 | F63: 189587 | G63: KB | J63: auxiliar de mayor
C64: (Archivos PDF y Excel, sin contraseña) | J64: diario
C65: c) Contratos de cuenta bancaria, estados de cuenta bancaria y conciliaciones bancarias; | D65: 703 | E65: 798 | F65: 47008 | G65: KB | J65: saldos de fichas por cobrar y pagar
C66: d) Archivos XML de todas las operaciones fiscales (compras, nóminas, gastos, etc.) | J66: ..
C67: e) Concentrado de nóminas de acuerdo a lo que determine el Órgano de Fiscalización Superior; | D67: 799 | E67: 802 | F67: 2411 | G67: KB
C68: (Documental y en archivo Excel, sin contraseña)
C69: f) Estado presupuestario de ingresos desagregado por concepto y de egresos desagregado por partida, del periodo y acumulados; | D69: 803 | E69: 805 | F69: 895 | G69: KB
C70: (Documental y en archivo Excel, sin contraseña)
C71: g) Acumulados de obra; | D71: 806 | E71: 807 | F71: 335 | G71: KB
C72: (Documental y en archivo Excel, sin contraseña)
C73: h) Reportes trimestrales de obra y Reporte del Portal Aplicativo de la Secretaría de Hacienda; | D73: 808 | E73: 808 | F73: 340 | G73: KB
C74: (Documental y en archivo Excel, sin contraseña)
C75: i) Reporte de avance físico-financiero del Programas; | D75: 809 | E75: 1058 | F75: 61277 | G75: KB
C76: j) Avance del Programa Operativo Anual; | D76: 1059 | E76: 1090 | F76: 13336 | G76: KB
C77: (Documental y en archivo Excel, sin contraseña)
C78: k) Inventario de bienes muebles, inmuebles e intangibles, codificado, clasificado y cuantificado; | D78: 1091 | E78: 1188 | F78: 28663 | G78: KB
C79: (Documental y en archivo Excel, sin contraseña)
C80: l) En el caso de Municipios, deberán presentar reportes de cobro por derechos de agua potable, predial y registro civil; | D80: 1189 | E80: 1208 | F80: 6645 | G80: KB
C81: m) Reporte de ingresos propios por concepto específico que son recaudados por los entes fiscalizables y que son transferidos a la Secretaría de Finanzas que les son devueltos como participaciones de acuerdo a los convenios celebrados, e | D81: 1209 | E81: 1209 | F81: 351 | G81: KB
C82: n) Reporte específico de Fideicomisos, Fondos de Contingencia, Mandatos y Contratos Análogos que incluyan ingresos, rendimientos financieros, egresos y estados de cuenta bancarios. | D82: 1210 | E82: 1210 | F82: 310 | G82: KB
F83: =SUM(F61:F82) -> 354378 | G83: KB
A84: (…numeración continua de recopiladores) | B84: B). Información Adicional | C84: La primera cuenta pública que se presente en el año, deberá contener la información adicional:
A85: 1/2 A 2/2 | C85: I. Pronóstico de ingresos calendarizado del ejercicio de que se trate;
C86: (Documental y en archivo Excel, sin contraseña) | G86: Kb
C87: I Bis. Presupuesto anual de egresos;
C88: (Documental y en archivo Excel, sin contraseña) | G88: Kb
C89: II. Calendarización para la ministración de los recursos durante el ejercicio de que se trate;
C90: (Documental y en archivo Excel, sin contraseña) | G90: Kb
C91: III. Presupuesto basado en Resultados (PbR) con la Metodología del Marco Lógico (MML) y la Matriz de Indicadores para Resultados (MIR), y calendarizado para el ejercicio de que se trate;
C92: IV. Organigrama general y por unidad administrativa, con nombre y puesto del servidor público;
C93: V. Plantilla de personal y tabulador de sueldos, que contenga nombre, Registro Federal de Contribuyentes (RFC), puesto, nivel o categoría;
C94: (Documental y en archivo Excel, sin contraseña) | G94: Kb
C95: VI. Manual de Organización;
C96: VII. Programa operativo anual;
C97: (Documental y en archivo Excel, sin contraseña) | G97: Kb
C98: VIII. Padrón de proveedores de bienes o servicios y Padrón de contratistas, de acuerdo al formato;
C99: (Documental y en archivo Excel, sin contraseña) | G99: Kb
C100: IX. Catálogo de precios unitarios;
C101: (Documental y en archivo Excel, sin contraseña) | G101: Kb
...

Sheet CP-T-005 8 2026
A1: CP-T-005
B2: INTEGRACIÓN DOCUMENTAL DE LAS CUENTAS PÚBLICAS
B3: I. Información contable, presupuestaria, programática, financiera, complementaria y adicional AGOSTO
A5: Número de Recopilador | B5: Título del Recopilador | C5: Subtítulo del Recopilador | D5: Documental | F5: Electrónico
C6: / Contenido | D6: Folio inicial | E6: Folio Final | F6: Tamaño del Archivo
A7: 1 de “n” | B7: A). Información General | C7: I. Información contable, que genera el Sistema de Contabilidad Gubernamental:
A8: 0.33333333 | C8: a) Estado de actividades; | D8: 1 | E8: 2 | F8: 549 | G8: KB
C9: b) Estado de situación financiera; | D9: =+E8+1 -> 3 | E9: 4 | F9: 549 | G9: KB
C10: c) Estado de variación en la hacienda pública; | D10: 5 | E10: 6 | F10: 518 | G10: KB
C11: d) Estado de cambios en la situación financiera; | D11: 7 | E11: 8 | F11: 578 | G11: KB
C12: e) Estado de flujos de efectivo; | D12: 9 | E12: 11 | F12: 814 | G12: KB
C13: f) Informes sobre pasivos contingentes; | D13: 12 | E13: 12 | F13: 214 | G13: KB
C14: g) Notas a los estados financieros; | D14: 13 | E14: 44 | F14: =+F15+F16+F17 -> 9968 | G14: KB
C15: Notas de Gestión Administrativa | D15: 13 | E15: 22 | F15: 3184
C16: Notas a los estados Financieros | D16: 23 | E16: 42 | F16: 6171
C17: Notas de Memoria | D17: 43 | E17: 44 | F17: 613
C18: h) Estado analítico del activo; | D18: 45 | E18: 46 | F18: 521 | G18: KB
C19: i) Estado analítico de la deuda, del cual se derivarán las siguientes clasificaciones: | D19: 47 | E19: 47 | F19: =+F20 -> 270 | G19: KB
C20: 1). Corto y largo plazo; | F20: 270
C21: 2). Fuentes de | F21: 270
C22: financiamiento;
C23: j) Endeudamiento neto, financiamiento menos amortización, e | D23: 48 | E23: 48 | F23: 219 | G23: KB
C24: k) Intereses de la deuda. | D24: 49 | E24: 49 | F24: 211 | G24: KB
F25: =SUM(F8:F14)+SUM(F18:F19)+SUM(F23:F24) -> 14411 | G25: KB
A26: (…numeración continua de recopiladores) | B26: A). Información General | C26: II. Información presupuestaria, que genera el Sistema de Contabilidad Gubernamental:
A27: 0.33333333 | C27: a) Estado analítico de ingresos, del que se derivará la presentación en clasificación económica por fuente de financiamiento y concepto, incluyendo los ingresos excedentes generados; | D27: 1 | E27: 3 | F27: 781 | G27: KB
C28: b) Estado analítico del ejercicio del presupuesto de egresos del que se derivarán las clasificaciones siguientes: | D28: 4 | E28: 13 | F28: =SUM(F29:F32) -> 2885 | G28: KB
C29: 1. Administrativa; | D29: 4 | E29: 7 | F29: 1097
C30: 2. Económica; | D30: 8 | E30: 8 | F30: 262
C31: 3. Por objeto del gasto, y | D31: 9 | E31: 11 | F31: 959
C32: 4. Funcional. | D32: 12 | E32: 13 | F32: 567
C33: El estado analítico del ejercicio del presupuesto de egresos deberá identificar los montos y adecuaciones presupuestarias y subejercicios por ramo y programa;
C34: c) Endeudamiento neto, financiamiento menos amortización, del que derivará la clasificación por su origen en interno y externo; | D34: 14 | E34: 14 | F34: 236 | G34: KB
C35: d) Intereses de la deuda, e | D35: 15 | E35: 15 | F35: 231 | G35: KB
C36: e) Un flujo de fondos que resuma todas las operaciones; | D36: 16 | E36: 24 | F36: 2217 | G36: KB
F37: =SUM(F27:F28)+SUM(F34:F36) -> 6350 | G37: KB
A38: (…numeración continua de recopiladores) | B38: A). Información General | C38: III. Información programática, que genera el Sistema de Contabilidad Gubernamental:
A39: 0.33333333 | C39: a) Gasto por categoría programática; | D39: 1 | E39: 2 | F39: 563 | G39: KB
C40: b) Programas y proyectos de inversión, e | D40: 3 | E40: 3 | F40: 217 | G40: KB
C41: c) Indicadores de resultados. | D41: 4 | E41: 6 | F41: 917 | G41: KB
F42: =SUM(F39:F41) -> 1697 | G42: KB
A43: (…numeración continua de recopiladores) | B43: A). Información General | C43: IV. Información financiera de conformidad con los formatos establecidos en la Ley de Disciplina Financiera de las Entidades Federativas y los Municipios, que genera el Sistema de Contabilidad Gubernamental
A44: 0.33333333 | C44: F-1 Estado de Situación Financiera Detallado - LDF | D44: 1 | E44: 4 | F44: 1115 | G44: KB
C45: F-2 Informe Analítico de la Deuda Pública y Otros Pasivos - LDF | D45: 5 | E45: 5 | F45: 245 | G45: KB
C46: F-3 Informe Analítico de Obligaciones Diferentes de Financiamientos - LDF | D46: 6 | E46: 6 | F46: 209 | G46: KB
C47: F-4 Balance Presupuestario - LDF | D47: 7 | E47: 8 | F47: 585 | G47: KB
C48: F-5 Estado Analítico de Ingresos Detallado – LDF | D48: 9 | E48: 10 | F48: 629 | G48: KB
C49: F-6 a) Estado Analítico del Ejercicio del Presupuesto de Egresos Detallado - LDF (Clasificación por Objeto del Gasto) | D49: 11 | E49: 14 | F49: 1373 | G49: KB
C50: F-6 b) Estado Analítico del Ejercicio del Presupuesto de Egresos Detallado - LDF (Clasificación Administrativa) | D50: 15 | E50: 17 | F50: 855 | G50: KB
C51: F-6 c) Estado Analítico del Ejercicio del Presupuesto de Egresos Detallado - LDF (Clasificación Funcional) | D51: 18 | E51: 19 | F51: 632 | G51: KB
C52: F-6 d) Estado Analítico del Ejercicio del Presupuesto de Egresos Detallado - LDF (Clasificación de Servicios Personales por Categoría) | D52: 20 | E52: 20 | F52: 258 | G52: KB
C53: F-7 Proyecciones y Resultados de Ingresos y Egresos - LDF | F53: =SUM(F54:F57) -> 1129 | G53: KB
C54: F-7 a) Proyecciones de Ingresos - LDF | D54: 21 | E54: 21 | F54: 295
C55: F-7 b) Proyecciones de Egresos - LDF | D55: 22 | E55: 22 | F55: 271
C56: F-7 c) Resultados de Ingresos - LDF | D56: 23 | E56: 23 | F56: 293
C57: F-7 d) Resultados de Egresos - LDF | D57: 24 | E57: 24 | F57: 270
C58: F-8) Informe sobre Estudios Actuariales – LDF | D58: 25 | E58: 26 | F58: 479 | G58: KB
F59: =SUM(F44:F53)+SUM(F58) -> 7509 | G59: KB
A60: (…numeración continua de recopiladores) | B60: A). Información General | C60: V. Información complementaria que genera el Sistema de Contabilidad Gubernamental, otro sistema, plataforma, o archivo de control:
A61: 1/3 A 3/3 | C61: a) Balanza de comprobación; | D61: 1 | E61: 9 | F61: 3235 | G61: KB | J61: relaciones analiticas de deudores y acreedores
C62: (Documental y en archivo Excel, sin contraseña) | J62: presupuesto inicial
C63: b) Auxiliares contables; | D63: 10 | E63: 742 | F63: 211959 | G63: KB | J63: auxiliar de mayor
C64: (Archivos PDF y Excel, sin contraseña) | J64: diario
C65: c) Contratos de cuenta bancaria, estados de cuenta bancaria y conciliaciones bancarias; | D65: =+E63+1 -> 743 | E65: 862 | F65: 41152 | G65: KB | J65: saldos de fichas por cobrar y pagar
C66: d) Archivos XML de todas las operaciones fiscales (compras, nóminas, gastos, etc.) | J66: ..
C67: e) Concentrado de nóminas de acuerdo a lo que determine el Órgano de Fiscalización Superior; | D67: =+E65+1 -> 863 | E67: 866 | F67: 2400 | G67: KB
C68: (Documental y en archivo Excel, sin contraseña)
C69: f) Estado presupuestario de ingresos desagregado por concepto y de egresos desagregado por partida, del periodo y acumulados; | D69: =+E67+1 -> 867 | E69: 869 | F69: 877 | G69: KB
C70: (Documental y en archivo Excel, sin contraseña)
C71: g) Acumulados de obra; | D71: =+E69+1 -> 870 | E71: 870 | F71: 351 | G71: KB
C72: (Documental y en archivo Excel, sin contraseña)
C73: h) Reportes trimestrales de obra y Reporte del Portal Aplicativo de la Secretaría de Hacienda; | D73: =++E71+1 -> 871 | E73: 871 | F73: 333 | G73: KB
C74: (Documental y en archivo Excel, sin contraseña)
C75: i) Reporte de avance físico-financiero del Programas; | D75: =+E73+1 -> 872 | E75: 1126 | F75: 64811 | G75: KB
C76: j) Avance del Programa Operativo Anual; | D76: 1127 | E76: 1156 | F76: 43245 | G76: KB | H76: 22
C77: (Documental y en archivo Excel, sin contraseña)
C78: k) Inventario de bienes muebles, inmuebles e intangibles, codificado, clasificado y cuantificado; | D78: =+E76+1 -> 1157 | E78: 1249 | F78: 28339 | G78: KB
C80: l) En el caso de Municipios, deberán presentar reportes de cobro por derechos de agua potable, predial y registro civil; | D80: =+E78+1 -> 1250 | E80: 1267 | F80: 7201 | G80: KB
C81: m) Reporte de ingresos propios por concepto específico que son recaudados por los entes fiscalizables y que son transferidos a la Secretaría de Finanzas que les son devueltos como participaciones de acuerdo a los convenios celebrados, e | D81: =+E80+1 -> 1268 | E81: =+D81 -> 1268 | F81: 358 | G81: KB
C82: n) Reporte específico de Fideicomisos, Fondos de Contingencia, Mandatos y Contratos Análogos que incluyan ingresos, rendimientos financieros, egresos y estados de cuenta bancarios. | D82: =+E81+1 -> 1269 | E82: 1269 | F82: 304 | G82: KB
F83: =SUM(F61:F82) -> 404565 | G83: KB
A84: (…numeración continua de recopiladores) | B84: B). Información Adicional | C84: La primera cuenta pública que se presente en el año, deberá contener la información adicional:
A85: 1/2 A 2/2 | C85: I. Pronóstico de ingresos calendarizado del ejercicio de que se trate;
C86: (Documental y en archivo Excel, sin contraseña) | G86: Kb
C87: I Bis. Presupuesto anual de egresos;
C88: (Documental y en archivo Excel, sin contraseña) | G88: Kb
C89: II. Calendarización para la ministración de los recursos durante el ejercicio de que se trate;
C90: (Documental y en archivo Excel, sin contraseña) | G90: Kb
C91: III. Presupuesto basado en Resultados (PbR) con la Metodología del Marco Lógico (MML) y la Matriz de Indicadores para Resultados (MIR), y calendarizado para el ejercicio de que se trate;
C92: IV. Organigrama general y por unidad administrativa, con nombre y puesto del servidor público;
C93: V. Plantilla de personal y tabulador de sueldos, que contenga nombre, Registro Federal de Contribuyentes (RFC), puesto, nivel o categoría;
C94: (Documental y en archivo Excel, sin contraseña) | G94: Kb
C95: VI. Manual de Organización;
C96: VII. Programa operativo anual;
C97: (Documental y en archivo Excel, sin contraseña) | G97: Kb
C98: VIII. Padrón de proveedores de bienes o servicios y Padrón de contratistas, de acuerdo al formato;
C99: (Documental y en archivo Excel, sin contraseña) | G99: Kb
C100: IX. Catálogo de precios unitarios;
C101: (Documental y en archivo Excel, sin contraseña) | G101: Kb
C102: X. Padrón de beneficiarios de programas sociales;
...

Sheet CP-T-005 9 2026
A1: CP-T-005
B2: INTEGRACIÓN DOCUMENTAL DE LAS CUENTAS PÚBLICAS
B3: I. Información contable, presupuestaria, programática, financiera, complementaria y adicional SEPTIEMBRE
A5: Número de Recopilador | B5: Título del Recopilador | C5: Subtítulo del Recopilador | D5: Documental | F5: Electrónico
C6: / Contenido | D6: Folio inicial | E6: Folio Final | F6: Tamaño del Archivo
A7: 1 de “n” | B7: A). Información General | C7: I. Información contable, que genera el Sistema de Contabilidad Gubernamental:
A8: 0.33333333 | C8: a) Estado de actividades; | D8: 1 | E8: 2 | F8: 528 | G8: KB
C9: b) Estado de situación financiera; | D9: =+E8+1 -> 3 | E9: 4 | F9: 549 | G9: KB
C10: c) Estado de variación en la hacienda pública; | D10: 5 | E10: 6 | F10: 512 | G10: KB
C11: d) Estado de cambios en la situación financiera; | D11: 7 | E11: 8 | F11: 570 | G11: KB
C12: e) Estado de flujos de efectivo; | D12: 9 | E12: 11 | F12: 806 | G12: KB
C13: f) Informes sobre pasivos contingentes; | D13: 12 | E13: 12 | F13: 197 | G13: KB
C14: g) Notas a los estados financieros; | D14: 13 | E14: =+E17 -> 46 | F14: =+F15+F16+F17 -> 10316 | G14: KB
C15: Notas de Gestión Administrativa | D15: 13 | E15: 22 | F15: 3161
C16: Notas a los estados Financieros | D16: 23 | E16: 44 | F16: 6544
C17: Notas de Memoria | D17: 45 | E17: 46 | F17: 611
C18: h) Estado analítico del activo; | D18: 47 | E18: 48 | F18: 489 | G18: KB
C19: i) Estado analítico de la deuda, del cual se derivarán las siguientes clasificaciones: | D19: 49 | E19: 49 | F19: =+F20 -> 263 | G19: KB
C20: 1). Corto y largo plazo; | F20: 263
C21: 2). Fuentes de | F21: 263
C22: financiamiento;
C23: j) Endeudamiento neto, financiamiento menos amortización, e | D23: 50 | E23: 50 | F23: 218 | G23: KB
C24: k) Intereses de la deuda. | D24: =+E23+1 -> 51 | E24: 51 | F24: 215 | G24: KB
F25: =SUM(F8:F14)+SUM(F18:F19)+SUM(F23:F24) -> 14663 | G25: KB
A26: (…numeración continua de recopiladores) | B26: A). Información General | C26: II. Información presupuestaria, que genera el Sistema de Contabilidad Gubernamental:
A27: 0.33333333 | C27: a) Estado analítico de ingresos, del que se derivará la presentación en clasificación económica por fuente de financiamiento y concepto, incluyendo los ingresos excedentes generados; | D27: 1 | E27: 3 | F27: 791 | G27: KB
C28: b) Estado analítico del ejercicio del presupuesto de egresos del que se derivarán las clasificaciones siguientes: | F28: =SUM(F29:F32) -> 2832 | G28: KB
C29: 1. Administrativa; | D29: 4 | E29: 7 | F29: 1094
C30: 2. Económica; | D30: 8 | E30: 8 | F30: 247
C31: 3. Por objeto del gasto, y | D31: 9 | E31: 11 | F31: 934
C32: 4. Funcional. | D32: 12 | E32: 13 | F32: 557
C33: El estado analítico del ejercicio del presupuesto de egresos deberá identificar los montos y adecuaciones presupuestarias y subejercicios por ramo y programa;
C34: c) Endeudamiento neto, financiamiento menos amortización, del que derivará la clasificación por su origen en interno y externo; | D34: 14 | E34: 14 | F34: 220 | G34: KB
C35: d) Intereses de la deuda, e | D35: 15 | E35: 15 | F35: 220 | G35: KB
C36: e) Un flujo de fondos que resuma todas las operaciones; | D36: 16 | E36: 24 | F36: 2189 | G36: KB
F37: =SUM(F27:F28)+SUM(F34:F36) -> 6252 | G37: KB
A38: (…numeración continua de recopiladores) | B38: A). Información General | C38: III. Información programática, que genera el Sistema de Contabilidad Gubernamental:
A39: 0.33333333 | C39: a) Gasto por categoría programática; | D39: 1 | E39: 2 | F39: 549 | G39: KB
C40: b) Programas y proyectos de inversión, e | D40: 3 | E40: 3 | F40: 207 | G40: KB
C41: c) Indicadores de resultados. | D41: 4 | E41: 6 | F41: 900 | G41: KB
F42: =SUM(F39:F41) -> 1656 | G42: KB
A43: (…numeración continua de recopiladores) | B43: A). Información General | C43: IV. Información financiera de conformidad con los formatos establecidos en la Ley de Disciplina Financiera de las Entidades Federativas y los Municipios, que genera el Sistema de Contabilidad Gubernamental
A44: 0.33333333 | C44: F-1 Estado de Situación Financiera Detallado - LDF | D44: 1 | E44: 4 | F44: 1137 | G44: KB
C45: F-2 Informe Analítico de la Deuda Pública y Otros Pasivos - LDF | D45: 5 | E45: 5 | F45: 248 | G45: KB
C46: F-3 Informe Analítico de Obligaciones Diferentes de Financiamientos - LDF | D46: 6 | E46: 6 | F46: 209 | G46: KB
C47: F-4 Balance Presupuestario - LDF | D47: 7 | E47: 8 | F47: 593 | G47: KB
C48: F-5 Estado Analítico de Ingresos Detallado – LDF | D48: 9 | E48: 10 | F48: 635 | G48: KB
C49: F-6 a) Estado Analítico del Ejercicio del Presupuesto de Egresos Detallado - LDF (Clasificación por Objeto del Gasto) | D49: 11 | E49: 14 | F49: 1383 | G49: KB
C50: F-6 b) Estado Analítico del Ejercicio del Presupuesto de Egresos Detallado - LDF (Clasificación Administrativa) | D50: 15 | E50: 17 | F50: 861 | G50: KB
C51: F-6 c) Estado Analítico del Ejercicio del Presupuesto de Egresos Detallado - LDF (Clasificación Funcional) | D51: 18 | E51: 19 | F51: 638 | G51: KB
C52: F-6 d) Estado Analítico del Ejercicio del Presupuesto de Egresos Detallado - LDF (Clasificación de Servicios Personales por Categoría) | D52: 20 | E52: 20 | F52: 263 | G52: KB
C53: F-7 Proyecciones y Resultados de Ingresos y Egresos - LDF | F53: =SUM(F54:F57) -> 1139 | G53: KB
C54: F-7 a) Proyecciones de Ingresos - LDF | D54: 21 | E54: 21 | F54: 301
C55: F-7 b) Proyecciones de Egresos - LDF | D55: 22 | E55: 22 | F55: 277
C56: F-7 c) Resultados de Ingresos - LDF | D56: 23 | E56: 23 | F56: 290
C57: F-7 d) Resultados de Egresos - LDF | D57: 24 | E57: 24 | F57: 271
C58: F-8) Informe sobre Estudios Actuariales – LDF | D58: 25 | E58: 26 | F58: 486 | G58: KB
F59: =SUM(F44:F53)+SUM(F58) -> 7592 | G59: KB
A60: (…numeración continua de recopiladores) | B60: A). Información General | C60: V. Información complementaria que genera el Sistema de Contabilidad Gubernamental, otro sistema, plataforma, o archivo de control:
A61: 1/3 A 3/3 | C61: a) Balanza de comprobación; | D61: 1 | E61: 9 | F61: 3308 | G61: KB | J61: relaciones analiticas de deudores y acreedores
C62: (Documental y en archivo Excel, sin contraseña) | J62: presupuesto inicial
C63: b) Auxiliares contables; | D63: 10 | E63: 645 | F63: 186028 | G63: KB | J63: auxiliar de mayor
C64: (Archivos PDF y Excel, sin contraseña) | J64: diario
C65: c) Contratos de cuenta bancaria, estados de cuenta bancaria y conciliaciones bancarias; | D65: =+E63+1 -> 646 | E65: 767 | F65: 42675 | G65: KB | J65: saldos de fichas por cobrar y pagar
C66: d) Archivos XML de todas las operaciones fiscales (compras, nóminas, gastos, etc.) | J66: ..
C67: e) Concentrado de nóminas de acuerdo a lo que determine el Órgano de Fiscalización Superior; | D67: =+E65+1 -> 768 | E67: 771 | F67: 2125 | G67: KB
C68: (Documental y en archivo Excel, sin contraseña)
C69: f) Estado presupuestario de ingresos desagregado por concepto y de egresos desagregado por partida, del periodo y acumulados; | D69: =+E67+1 -> 772 | E69: 774 | F69: 909 | G69: KB
C70: (Documental y en archivo Excel, sin contraseña)
C71: g) Acumulados de obra; | D71: =+E69+1 -> 775 | E71: 775 | F71: 287 | G71: KB
C72: (Documental y en archivo Excel, sin contraseña)
C73: h) Reportes trimestrales de obra y Reporte del Portal Aplicativo de la Secretaría de Hacienda; | D73: =+E71+1 -> 776 | E73: 776 | F73: 334 | G73: KB
C74: (Documental y en archivo Excel, sin contraseña)
C75: i) Reporte de avance físico-financiero del Programas; | D75: =+E73+1 -> 777 | E75: 1011 | F75: 58635 | G75: KB
C76: j) Avance del Programa Operativo Anual; | D76: =+E75+1 -> 1012 | E76: 1043 | F76: 15437 | G76: KB
C77: (Documental y en archivo Excel, sin contraseña)
C78: k) Inventario de bienes muebles, inmuebles e intangibles, codificado, clasificado y cuantificado; | D78: =+E76+1 -> 1044 | E78: 1136 | F78: 28061 | G78: KB
C80: l) En el caso de Municipios, deberán presentar reportes de cobro por derechos de agua potable, predial y registro civil; | D80: 1137 | E80: 1154 | F80: 7226 | G80: KB
C81: m) Reporte de ingresos propios por concepto específico que son recaudados por los entes fiscalizables y que son transferidos a la Secretaría de Finanzas que les son devueltos como participaciones de acuerdo a los convenios celebrados, e | D81: =+E80+1 -> 1155 | E81: =+D81 -> 1155 | F81: 351 | G81: KB
C82: n) Reporte específico de Fideicomisos, Fondos de Contingencia, Mandatos y Contratos Análogos que incluyan ingresos, rendimientos financieros, egresos y estados de cuenta bancarios. | D82: =+E81+1 -> 1156 | E82: =+D82 -> 1156 | F82: 341 | G82: KB
F83: =SUM(F61:F82) -> 345717 | G83: KB
A84: (…numeración continua de recopiladores) | B84: B). Información Adicional | C84: La primera cuenta pública que se presente en el año, deberá contener la información adicional:
A85: 1/2 A 2/2 | C85: I. Pronóstico de ingresos calendarizado del ejercicio de que se trate;
C86: (Documental y en archivo Excel, sin contraseña) | G86: Kb
C87: I Bis. Presupuesto anual de egresos;
C88: (Documental y en archivo Excel, sin contraseña) | G88: Kb
C89: II. Calendarización para la ministración de los recursos durante el ejercicio de que se trate;
C90: (Documental y en archivo Excel, sin contraseña) | G90: Kb
C91: III. Presupuesto basado en Resultados (PbR) con la Metodología del Marco Lógico (MML) y la Matriz de Indicadores para Resultados (MIR), y calendarizado para el ejercicio de que se trate;
C92: IV. Organigrama general y por unidad administrativa, con nombre y puesto del servidor público;
C93: V. Plantilla de personal y tabulador de sueldos, que contenga nombre, Registro Federal de Contribuyentes (RFC), puesto, nivel o categoría;
C94: (Documental y en archivo Excel, sin contraseña) | G94: Kb
C95: VI. Manual de Organización;
C96: VII. Programa operativo anual;
C97: (Documental y en archivo Excel, sin contraseña) | G97: Kb
C98: VIII. Padrón de proveedores de bienes o servicios y Padrón de contratistas, de acuerdo al formato;
C99: (Documental y en archivo Excel, sin contraseña) | G99: Kb
C100: IX. Catálogo de precios unitarios;
C101: (Documental y en archivo Excel, sin contraseña) | G101: Kb
C102: X. Padrón de beneficiarios de programas sociales;
...
